 Dungeon Crawl Stone Soup version 0.27.0-1-g7a089689b8 (webtiles) character file.

Game seed: 17868471003892095363

18 Spectrina the Sneak (level 2, -2/18 HPs)
             Began as a Deep Elf Monk on Aug 11, 2021.
             Frozen to death by an endoplasm (5 damage)
             ... on level 2 of the Dungeon.
             The game lasted 00:02:03 (307 turns).

Spectrina the Sneak (Deep Elf Monk)                  Turns: 307, Time: 00:02:04

Health: -2/18      AC:  2    Str:  8    XL:     2   Next: 48%
Magic:  4/4        EV: 13    Int: 14    God:
Gold:   0          SH:  4    Dex: 17    Spells: 1/1 levels left

rFire    . . .     SeeInvis .   a - +0 falchion
rCold    . . .     Faith    .   g - +0 buckler
rNeg     . . .     Spirit   .   h - +0 robe
rPois    .         Reflect  .   (no helmet)
rElec    .         Harm     .   (no cloak)
rCorr    .         Rampage  .   (no gloves)
Will     .....                  (no boots)
Stlth    +++.......             l - amulet of regeneration
HPRegen  0.06/turn              (no ring)
MPRegen  0.09/turn              (no ring)

@: flying
A: no striking features
a: no special abilities


You were on level 2 of the Dungeon.
You visited 1 branch of the dungeon, and saw 2 of its levels.

Inventory:

Hand Weapons
 a - a +0 falchion (weapon)
 b - a +0 dagger of flaming
 j - a +0 short sword
Missiles
 e - 18 arrows
 i - 20 stones (quivered)
Armour
 g - a +0 buckler (worn)
 h - a +0 robe (worn)
Jewellery
 l - an amulet of regeneration (around neck)
Scrolls
 d - a scroll of vulnerability
Potions
 k - a potion of flight


   Skills:
 - Level 2.4 Fighting
 - Level 3.0 Short Blades
 - Level 3.6 Dodging
 + Level 4.1 Stealth


You had one spell level left.
You didn't know any spells.
Your spell library was empty.

Dungeon Overview and Level Annotations

Branches:
Dungeon (2/15)

Altars:


Message History

You hit the dart slug.
The dart slug is heavily wounded.
You block the dart slug's attack.
You hit the dart slug.
You kill the dart slug!
Your Stealth skill increases to level 4!
Okay, then.
You barely miss the endoplasm. The endoplasm misses you.
You barely miss the endoplasm. The endoplasm freezes you.
You are frozen.
Unknown command.
The adder hisses angrily.
The endoplasm hits you.
It was a potion of flight.
You feel very buoyant.
You fly up into the air.
The endoplasm freezes you.
You are frozen.
* * * LOW HITPOINT WARNING * * *
Unknown command.
As you read the scroll labelled WEJAMI CE SEEMUI, it crumbles to dust.
You speak a Word of immense power!
It was a scroll of holy word.
The adder closely misses you. The adder completely misses you.
The endoplasm barely misses you.
As you read the scroll labelled ONKEIMAEVO, it crumbles to dust.
It is a scroll of amnesia.
You feel forgetful for a moment. The adder barely misses you.
The endoplasm freezes you.
You are frozen.
* * * LOW HITPOINT WARNING * * *
As you read the scroll labelled JYTEPREIDAE, it crumbles to dust.
It is a scroll of identify.
d - a scroll of vulnerability You block the adder's attack.
The endoplasm hits you.
* * * LOW HITPOINT WARNING * * *
You barely miss the adder. The adder barely misses you.
The endoplasm freezes you.
You are frozen.
You die...

#......
.....#
....# #..#
###..##
###.....#
##g..#g#.#
#..###J#
##.###.@#
#.##..#
#S##
#.S.<## #.
#..### ..
#.. ###
..# #. #
.. # #. #.
#.###.
##.#...


You could see an adder, an endoplasm and a hobgoblin.

Vanquished Creatures
  A dart slug (D:2)
  2 ball pythons (D:1)
  3 endoplasms
  A giant cockroach (D:1)
  A hobgoblin (D:1)
  A frilled lizard (D:2)
  A goblin (D:1)
  2 kobolds (D:1)
  5 rats
17 creatures vanquished.

Notes
Turn   | Place    | Note
-------+----------+-------------------------------------------
     0 | D:1      | Spectrina the Deep Elf Monk began the quest for the Orb.
     0 | D:1      | Reached XP level 1. HP: 13/13 MP: 3/3
    55 | D:1      | Reached skill level 3 in Stealth
   162 | D:2      | Reached XP level 2. HP: 7/18 MP: 4/4
   300 | D:2      | Reached skill level 4 in Stealth
   307 | D:2      | Frozen to death by an endoplasm

Illustrated notes

Levels and vault maps discovered:
D:1:      lightli_arrival_farm, layout_loops_ring,
          hellmonk_ecumenical_altar_lost_god
D:2:      layout_rooms, basic_altar, st_stairs_3, serial_bayou_pond_a

Skill      XL: |  1  2 |
---------------+-------+-----
Stealth        | 3 4 |  4.1
Fighting       | |  2.4
Short Blades   | |  3.0
Dodging        | |  3.6

Action                   || total
-------------------------++-------
Melee: Short sword       ||    56
       Falchion          ||     6
  Use: Scroll            ||     3
       Potion            ||     1
 Stab: Sleeping          ||     4
       Distracted        ||     1
Armor: Robe              ||     6
Dodge: Dodged            ||    35
Block: Buckler           ||     4
